 Dungeon Crawl Stone Soup version 0.28.0-53-g5a82cb258f (webtiles) character file.

Game seed: 8714253232878880150

930 Peloso the Slasher (level 7, -2/61 HPs)
             Began as a Minotaur Fighter on July 2, 2022.
             Was a Follower of Okawaru.
             Slain by a killer bee (6 damage)
             ... on level 6 of the Dungeon.
             The game lasted 00:05:45 (4411 turns).

Peloso the Slasher (Minotaur Fighter)               Turns: 4411, Time: 00:05:47

Health: -2/61      AC:  7    Str: 21    XL:     7   Next: 86%
Magic:  5/6        EV: 10    Int:  5    God:    Okawaru [*.....]
Gold:   297        SH:  5    Dex: 11    Spells: 6/6 levels left

rFire   . . .      SeeInvis .   a - +0 long sword
rCold   . . .      Faith    .   c - +0 buckler
rNeg    . . .      Spirit   .   m - +0 scale mail
rPois   .          Reflect  .   (helmet restricted)
rElec   .          Harm     .   (no cloak)
rCorr   .          Rampage  .   (no gloves)
Will    .....                   (no boots)
Stlth   ..........              (no amulet)
HPRegen 0.20/turn               (no ring)
MPRegen 0.10/turn               (no ring)

@: lethally poisoned (-2 -> -5)
A: horns 2, retaliatory headbutt
a: Renounce Religion, Heroism


You were on level 6 of the Dungeon.
You worshipped Okawaru.
Okawaru was aware of your devotion.
You visited 1 branch of the dungeon, and saw 6 of its levels.

You collected 297 gold pieces.

Inventory:

Hand Weapons
 a - a +0 long sword (weapon)
 b - a +1 dagger of flaming
Armour
 c - a +0 buckler (worn)
 m - a +0 scale mail (worn)
Scrolls
 f - 2 scrolls of acquirement
 g - 2 scrolls of brand weapon
 h - a scroll of holy word
 i - a scroll of enchant armour {unknown}
 j - a scroll of noise {unknown}
 l - a scroll of immolation {unknown}
 n - 2 scrolls of fog {unknown}
 p - a scroll of amnesia {unknown}
Potions
 k - a potion of mutation
 o - a potion of resistance {unknown}
 q - a potion of haste {unknown}


   Skills:
 + Level 5.5 Fighting
 + Level 7.3 Long Blades
 + Level 6.7 Armour
 + Level 2.3 Dodging
 + Level 0.6 Stealth
 + Level 4.6 Shields


You had 6 spell levels left.
You didn't know any spells.
Your spell library contained the following spells:

 Spells                   Type           Power      Damage    Failure   Level
 Magic Dart               Conj           0%         1d3       86%         1
 Searing Ray              Conj           0%         2d4       95%         2
 Gell's Gravitas          Tloc           0%         N/A       99%         3
 Lesser Beckoning         Tloc           0%         N/A       99%         3
 Teleport Other           Tloc           0%         N/A       99%         3
 Fulminant Prism          Conj/Hex       0%         3d6       100%        4


Dungeon Overview and Level Annotations

Branches:
Dungeon (6/15)
 Temple: D:4-7

Altars:
Cheibriados
Dithmenos
Hepliaklqana
Makhleb
Okawaru
Qazlal
Zin

Annotations:
D:5 1 runed translucent door, Quickbrownfox's ghost, amateur DsIE


Innate Abilities, Weirdness & Mutations

You have a pair of horns on your head.
You reflexively headbutt those who attack you in melee.


Message History

You feel sick. The killer bee stings you. You block the killer bee's attack.
You closely miss the killer bee. You headbutt the killer bee.
The killer bee is heavily wounded.
You feel sick. The killer bee stings you.
* * * LOW HITPOINT WARNING * * *
The killer bee stings you!
* * * LOW HITPOINT WARNING * * *
You hit the killer bee. Your headbutt misses the killer bee.
The killer bee is severely wounded.
You feel sick.
The killer bee stings you but does no damage.
You closely miss the killer bee. Your headbutt misses the killer bee.
The killer bee is severely wounded.
You feel sick. You block the killer bee's attack.
The killer bee barely misses you. You furiously retaliate!
You headbutt the killer bee.
You kill the killer bee!
Okawaru accepts your kill.
It was a potion of curing.
You feel better. The killer bee barely misses you.
You slash the killer bee! Your headbutt misses the killer bee.
The killer bee is severely wounded.
The killer bee closely misses you. The killer bee barely misses you.
You hit the killer bee.
The killer bee is severely wounded.
The killer bee barely misses you. The killer bee stings you.
* * * LOW HITPOINT WARNING * * *
You are poisoned.
The killer bee poisons you!
You miss the killer bee. Your headbutt misses the killer bee.
The killer bee is severely wounded.
You feel like a meek peon again.
You feel sick. The killer bee stings you!
* * * LOW HITPOINT WARNING * * *
You miss the killer bee.
The killer bee is severely wounded.
* * * LOW HITPOINT WARNING * * *
You feel sick.
The killer bee stings you but does no damage.
The killer bee stings you.
You die...

...............#
...............#
...............#
...............#
...............###########
.....................)...#..
###........####y########.#.#
#.###..#.# #y# #.#.#.# #.
#..#†# #@# #.#.#.# # ##>#.#
#.# #.#.#.# #.#.# #.#
#.#.#.# #.#.# #.# #.#.#.#
#.#.####.# #.#.#.#
#.#....#.# #.#.#.#
#.##.....# #.#...###
#.##.....# #.###....
#.##.....# #.#.....#


You could see 2 killer bees.

Vanquished Creatures
  Grinder (D:3)
  A steam dragon (D:6)
  2 scorpions
  2 killer bees (D:6)
  A howler monkey (D:4)
  A centaur zombie (D:5)
  A bullfrog zombie (D:6)
  A centaur skeleton (D:6)
  A jelly (D:6)
  An iguana (D:5)
  A killer bee zombie (D:6)
  A hound zombie (D:5)
  A howler monkey skeleton (D:6)
  8 adders
  A white imp (D:3)
  A dart slug (D:1)
  An orc (D:3)
  10 ball pythons
  5 endoplasms
  2 giant cockroaches
  10 goblins
  7 hobgoblins
  4 jackals (D:1)
  10 kobolds
  A quokka (D:2)
  8 bats
  13 frilled lizards
  6 rats
102 creatures vanquished.

Vanquished Creatures (others)
  6 plants (D:2)
6 creatures vanquished.

Grand Total: 108 creatures vanquished

Notes
Turn   | Place    | Note
-------+----------+-------------------------------------------
     0 | D:1      | Peloso the Minotaur Fighter began the quest for the Orb.
     0 | D:1      | Reached XP level 1. HP: 19/19 MP: 0/0
    95 | D:1      | Reached XP level 2. HP: 25/27 MP: 1/1
   457 | D:1      | Reached skill level 3 in Long Blades
   487 | D:1      | Reached XP level 3. HP: 33/33 MP: 2/2
  1471 | D:2      | Reached XP level 4. HP: 40/40 MP: 3/3
  2034 | D:3      | Reached skill level 4 in Long Blades
  2230 | D:3      | Noticed Grinder
  2247 | D:3      | Killed Grinder
  2248 | D:3      | Reached skill level 5 in Long Blades
  2248 | D:3      | Reached skill level 5 in Armour
  2248 | D:3      | Reached skill level 1 in Dodging
  2248 | D:3      | Reached XP level 5. HP: 18/47 MP: 4/4
  2248 | D:3      | Reached XP level 6. HP: 21/55 MP: 5/5
  2542 | D:3      | Identified the +0 robe "Ejeef" {Str+2 Int-5 Stlth+}
  2714 | D:3      | Identified 2 scrolls of acquirement
  2809 | D:4      | Reached skill level 5 in Fighting
  2949 | D:4      | Reached skill level 6 in Long Blades
  3096 | D:4      | Found a stormy altar of Qazlal.
  3096 | D:4      | Found an iron altar of Okawaru.
  3101 | D:4      | Found a shadowy altar of Dithmenos.
  3107 | D:4      | Found a snail-covered altar of Cheibriados.
  3108 | D:4      | Became a worshipper of Warmaster Okawaru
  3151 | D:4      | Found a hazy altar of Hepliaklqana.
  3153 | D:4      | Found a glowing silver altar of Zin.
  3157 | D:4      | Found a burning altar of Makhleb.
  3576 | D:5      | Entered Level 5 of the Dungeon
  3781 | D:5      | Noticed an orc warrior
  3821 | D:5      | Noticed Quickbrownfox's ghost (amateur DsIE)
  3821 | D:5      | Found a runed translucent door.
  3834 | D:5      | Reached XP level 7. HP: 59/61 MP: 6/6
  4077 | D:6      | Noticed a steam dragon
  4097 | D:6      | Killed a steam dragon
  4097 | D:6      | Reached * piety under Okawaru
  4098 | D:6      | Reached skill level 7 in Long Blades
  4411 | D:6      | Slain by a killer bee

Illustrated notes

Levels and vault maps discovered:
D:1:      lemuel_arrival_lava_pool, layout_basic
D:2:      layout_basic, minmay_lizard_king
D:3:      layout_loops_ring, serial_park_tiny_pond, uniq_grinder
D:4:      layout_cave_pools, nicolae_overflow_hallway_of_the_gods,
          minmay_misc_feat_iff
D:5:      layout_loops_ring, serial_rivers, chequers_serial_rivers_room_a,
          chequers_serial_rivers_room_a, chequers_serial_rivers_small_b,
          chequers_serial_rivers_small_3, hellmonk_ghost_happy_afterlife,
          minmay_misc_feat_hallway
D:6:      layout_basic, grunt_ministairs_9, minmay_puff, uniq_menkaure

Skill      XL: |  1  2  3  4  5  6  7 |
---------------+----------------------+-----
Fighting       | 4 5 |  5.5
Armour         | 4 5 6 |  6.7
Long Blades    | 3 5 6 7 |  7.3
Shields        | 4 |  4.6
Dodging        | 1 2 |  2.3
Stealth        | |  0.6

Action                   |  1- 3 |  4- 6 |  7- 9 || total
-------------------------+-------+-------+-------++-------
Melee: Long sword        |    97 |   105 |    49 ||   251
       Headbutt          |    11 |    19 |     6 ||    36
Invok: Heroism           |       |       |     1 ||     1
  Use: Scroll            |       |     4 |       ||     4
       Potion            |       |       |     2 ||     2
Armor: Scale mail        |    63 |    47 |    29 ||   139
Dodge: Dodged            |    64 |    47 |    32 ||   143
Block: Buckler           |    21 |    25 |    14 ||    60
